 Dungeon Crawl Stone Soup version 0.28.0-43-g3370ac3207 (webtiles) character file.

Game seed: 2763271579849182248

1642 Revguard the Grave Robber (level 8, -3/58 HPs)
             Began as a Demonspawn Necromancer on Mar 28, 2022.
             Killed from afar by an orc wizard (7 damage)
             ... with a puff of flame
             ... on level 6 of the Dungeon.
             The game lasted 00:29:23 (9041 turns).

Revguard the Grave Robber (Demonspawn Necromancer)  Turns: 9041, Time: 00:29:23

Health: -3/58      AC:  9    Str:  9    XL:     8   Next: 67%
Magic:  2/15       EV: 13    Int: 16    God:
Gold:   287        SH:  0    Dex: 18    Spells: 1/17 levels left

rFire   . . .      SeeInvis .   m - +1 dagger (venom)
rCold   . . .      Faith    .   (no shield)
rNeg    . . .      Spirit   .   k - +3 leather armour
rPois   .          Reflect  .   d - +0 helmet
rElec   .          Harm     .   n - +1 cloak
rCorr   .          Rampage  .   (no gloves)
Will    .....                   (no boots)
Stlth   ++++......              (no amulet)
HPRegen 0.19/turn               (no ring)
MPRegen 0.28/turn               (no ring)

@: about to teleport
A: claws 2, thin skeletal structure 1, magic regeneration, condensation shield
a: no special abilities


You were on level 6 of the Dungeon.
You visited 1 branch of the dungeon, and saw 6 of its levels.

You collected 287 gold pieces.

Inventory:

Hand Weapons
 g - a +2 dagger
 l - a +0 dagger of speed
 m - a +1 dagger of venom (weapon)
Armour
 d - a +0 helmet (worn)
 k - a +3 leather armour (worn)
 n - a +1 cloak (worn)
Jewellery
 b - an amulet of guardian spirit
Wands
 f - a wand of flame (10)
 o - a wand of polymorph (10)
Scrolls
 a - a scroll of fear
 j - 2 scrolls of teleportation
Potions
 c - a potion of berserk rage
 e - 2 potions of flight
 h - a potion of brilliance
 i - 3 potions of curing


   Skills:
 + Level 3.5 Fighting
 + Level 3.0 Short Blades
 + Level 3.1 Armour
 + Level 3.8 Dodging
 + Level 4.1 Stealth
 - Level 2.0 Unarmed Combat
 * Level 5.3 Spellcasting
 + Level 0.5 Conjurations
 + Level 6.0 Necromancy


You had one spell level left.
You knew the following spells:

 Your Spells              Type           Power      Damage    Failure   Level
a - Pain                  Necr           92%        1d8       1%          1
b - Animate Skeleton      Necr           46%        N/A       1%          1
c - Vampiric Draining     Necr           23%        2d7       4%          3
d - Animate Dead          Necr           11%        N/A       17%         4
e - Agony                 Necr           23%        N/A       43%         5
f - Searing Ray           Conj           12%        2d4       24%         2

Your spell library contained the following spells:

 Spells                   Type           Power      Damage    Failure   Level
 Magic Dart               Conj           24%        1d4       16%         1
 Summon Guardian Golem    Hex/Summ       4%         N/A       52%         3
 Fulminant Prism          Conj/Hex       2%         3d6       87%         4
 Orb of Destruction       Conj           3%         9d5       100%        7
 Spellforged Servitor     Conj/Summ      2%         N/A       100%        7


Dungeon Overview and Level Annotations

Branches:
Dungeon (6/15)
 Temple: D:4-7

Altars:
Elyvilon
Fedhas
Hepliaklqana
Trog

Shops:
D:3 :


Innate Abilities, Weirdness & Mutations

You have very sharp fingernails.
You have a somewhat thin skeletal structure. (Dex +2, Stealth+)
You regenerate magic rapidly.
A meltable shield of frost defends you. (SH +0)


Message History

You draw life force from the orc priest!
You feel life coursing into your body. The orc priest hits you with a +0 whip.
The ice beast barely misses you. You block the orc's attack.
Casting: Vampiric Draining (dangerous; 5% risk of failure)
Confirm with . or Enter, or press ? or * to list all spells.
Aiming: Vampiric Draining (dangerous; 5% risk of failure)
Press: ? - help, Shift-Dir - straight line, f/p - orc priest
Aim: an orc priest, wielding a +0 whip and wearing a +0 leather armour (heavily wounded)
You draw life force from the orc priest!
You kill the orc priest!
You feel life coursing into your body. The ice beast closely misses you.
The orc priest invokes the aid of Beogh against you.
Beogh smites you!
* * * LOW HITPOINT WARNING * * *
The orc barely misses you.
Your Short Blades skill increases to level 3!
Casting: Vampiric Draining (dangerous; 4% risk of failure)
Confirm with . or Enter, or press ? or * to list all spells.
Aiming: Vampiric Draining (dangerous; 4% risk of failure)
Press: ? - help, Shift-Dir - straight line, f - orc priest
Aim: an orc priest, wielding a +0 short sword You draw life force from the orc priest!
You feel life coursing into your body. The orc priest barely misses you.
The ice beast barely misses you. The orc closely misses you.
As you read the scroll of teleportation, it crumbles to dust.
You feel strangely unstable. The orc wizard closely misses you.
The ice beast hits you but does no damage.
The orc priest invokes the aid of Beogh against you.
Beogh smites you!
* * * LOW HITPOINT WARNING * * *
The orc hits you from afar with a +0 trident.
* * * LOW HITPOINT WARNING * * *
Blink to where?
Press: ? - help, Dir - move target, p - orc priest
As you read the scroll of blinking, it crumbles to dust.
The orc priest casts a cantrip, but nothing happens.
The orc wizard points at you and mumbles some strange words.
The puff of flame hits you!
Your condensation shield dissipates!
You die... #P≈≈≈≈ ##≈S≈5 ..PO≈ . .PP

.. #.### .... #.<.#######
..... #...##.##.###
#......
##......#.#.##...........#
#.....>..@...............
###........(............#
#.....................#
#................o....#
#..............oo.#...#.
#.......#....o.Y).o.....
##.#..####)...$.§)J.....
###### #.....##.#.....
#####.# ## ...


You could see an orc wizard.

Vanquished Creatures
  A wyvern (D:5)
  2 ice beasts (D:5)
  A phantom (D:4)
  A centaur (D:4)
  A centaur zombie (D:4)
  4 orc priests
  A bullfrog zombie (D:4)
  3 hounds
  2 bullfrog skeletons (D:4)
  3 iguanas (D:4)
  Terence (D:2)
  4 orc wizards
  A scorpion zombie (D:4)
  Ijyb (D:4)
  2 hound zombies (D:4)
  4 adders
  A white imp (D:5)
  An ufetubus (D:4)
  2 adder zombies (D:4)
  2 adder skeletons (D:4)
  A worm (D:3)
  20 orcs
  6 bats
  3 endoplasms
  4 giant cockroaches
  12 goblins
  3 hobgoblins
  3 jackals (D:3)
  8 quokkas
  4 ball pythons
  7 kobolds
  3 rats
112 creatures vanquished.

Vanquished Creatures (collateral kills)
  Grinder (D:4)
  An orc priest (D:5)
  An adder zombie (D:4)
  An orc (D:5)
  A ball python (D:1)
  A goblin (D:1)
6 creatures vanquished.

Vanquished Creatures (others)
  Sigmund (D:4)
  An orc (D:3)
  A plant (D:3)
3 creatures vanquished.

Grand Total: 121 creatures vanquished

Notes
Turn   | Place    | Note
-------+----------+-------------------------------------------
     0 | D:1      | Revguard the Demonspawn Necromancer began the quest for the
                  | Orb.
     0 | D:1      | Reached XP level 1. HP: 13/13 MP: 3/3
   747 | D:1      | Gained mutation: You have sharp fingernails. [demonic
                  | ancestry]
   747 | D:1      | Reached XP level 2. HP: 14/20 MP: 1/5
   849 | D:1      | Learned a level 1 spell: Animate Skeleton
  2456 | D:2      | Reached XP level 3. HP: 3/25 MP: 0/6
  2811 | D:2      | Learned a level 3 spell: Vampiric Draining
  2965 | D:2      | Noticed Terence
  3034 | D:2      | Killed Terence
  3035 | D:2      | Reached skill level 1 in Fighting
  3035 | D:2      | Reached skill level 1 in Armour
  3035 | D:2      | Gained mutation: You have very sharp fingernails. [demonic
                  | ancestry]
  3035 | D:2      | Reached XP level 4. HP: 3/32 MP: 0/7
  3532 | D:2      | Found a faded altar of an unknown god.
  4045 | D:3      | Found Qivief's Book Emporium.
  4340 | D:3      | Found a blossoming altar of Fedhas.
  4867 | D:3      | Gained mutation: You have a somewhat thin skeletal
                  | structure. (Dex +2, Stealth+) [demonic ancestry]
  4867 | D:3      | Reached XP level 5. HP: 30/37 MP: 9/9
  5166 | D:3      | Reached skill level 1 in Short Blades
  5540 | D:4      | Noticed a centaur
  5609 | D:4      | Killed a centaur
  5680 | D:4      | Gained mutation: You regenerate magic rapidly. [demonic
                  | ancestry]
  5680 | D:4      | Reached XP level 6. HP: 44/44 MP: 3/11
  5686 | D:4      | Learned a level 4 spell: Animate Dead
  5796 | D:4      | Reached skill level 5 in Necromancy
  6021 | D:4      | Reached skill level 1 in Unarmed Combat
  6101 | D:4      | Noticed Grinder
  6138 | D:4      | Paralysed by Grinder for 6 turns
  6148 | D:4      | Paralysed by Grinder for 5 turns
  6178 | D:4      | Killed Grinder
  6179 | D:4      | Gained mutation: A meltable shield of frost defends you.
                  | (SH +0) [demonic ancestry]
  6179 | D:4      | Reached XP level 7. HP: 15/51 MP: 12/12
  6851 | D:4      | Noticed Sigmund
  6864 | D:4      | Killed Sigmund
  6933 | D:4      | Identified the +1 hand axe of Rubbish {protect, rPois rN++
                  | Str+4}
  7345 | D:4      | HP: 1/51 [something (2)]
  7347 | D:4      | Reached XP level 8. HP: 2/57 MP: 3/14
  7356 | D:4      | Learned a level 5 spell: Agony
  7718 | D:4      | Noticed Ijyb
  7725 | D:4      | Killed Ijyb
  7897 | D:4      | Found a hazy altar of Hepliaklqana.
  8135 | D:5      | Entered Level 5 of the Dungeon
  8156 | D:5      | Found a bloodstained altar of Trog.
  8292 | D:5      | Reached skill level 5 in Spellcasting
  8588 | D:5      | Learned a level 2 spell: Searing Ray
  9034 | D:6      | Reached skill level 6 in Necromancy
  9041 | D:6      | Killed from afar by an orc wizard

Illustrated notes

Levels and vault maps discovered:
D:1:      lemuel_arrival_rhombus, layout_loops_corners, minmay_pentomino_p2
D:2:      layout_loops_ring, chequers_ecumenical_altar_simple, uniq_terence
D:3:      mumra_celtic_spiral_tile, layout_loops_ring, fedhas_altar_1,
          serial_shops, nicolae_square_shop, minivault_23
D:4:      layout_loops_ring, lemuel_coloured_pillars_altar, serial_undead,
          serial_undead_d, serial_undead_e, serial_undead_e, serial_undead_f,
          kennysheep_cluttered_room, minmay_fractal_squares_diagonal_5,
          uniq_ijyb, uniq_grinder, uniq_sigmund
D:5:      layout_rooms, amethyst_overflow_temple_binary
D:6:      layout_cave_pools, mainiacjoe_overflow_alcove_4, serial_bayou_pond_b,
          minmay_misc_feat_columns, nicolae_shop_overcharged_wands

Skill      XL: |  1  2  3  4  5  6  7  8 |
---------------+-------------------------+-----
Stealth        | 2 3 4 |  4.1
Dodging        | 2 3 |  3.8
Fighting       | 1 2 3 |  3.5
Armour         | 1 2 3 |  3.1
Spellcasting   | 3 4 5 |  5.3
Short Blades   | 1 2 3 |  3.0
Necromancy     | 5 6 |  6.0
Unarmed Combat | 1 2 |  2.0
Conjurations   | |  0.5

Action                   |  1- 3 |  4- 6 |  7- 9 || total
-------------------------+-------+-------+-------++-------
Melee: Unarmed           |     3 |       |    41 ||    44
       Dagger            |    15 |   110 |   246 ||   371
       Punch             |       |     1 |     9 ||    10
 Cast: Pain              |    60 |    47 |    20 ||   127
       Animate Skeleton  |     3 |     9 |     4 ||    16
       Vampiric Draining |       |    10 |    27 ||    37
  Use: Scroll            |     7 |       |     7 ||    14
       Potion            |     3 |     1 |     3 ||     7
 Stab: Sleeping          |     4 |     8 |     4 ||    16
Armor: Robe              |     7 |    28 |    29 ||    64
       Leather armour    |       |       |    56 ||    56
Dodge: Dodged            |    51 |    91 |   199 ||   341
Block: Other             |       |       |    56 ||    56
